Avalanche vs Maple Leafs

Created - 13 avril 2024 at 07:45

Goals
1 2 3 T
Avalanche 1 2 0 3
Maple Leafs 1 1 0 2
Shots
1 2 3 T
Avalanche 8 21 7 36
Maple Leafs 12 8 8 28

GoalsPenalties
1st period
1. Avalanche , Gustav Nyquist 18 (Nino Niederreiter 29, Nicolas Roy 29) at 5:13
2. Maple Leafs , Michael McCarron 5 (Mikhail Sergachev 15, Mattias Janmark 11) at 16:06
No Penalty
2nd period
3. Avalanche , Gustav Nyquist 19 (Nicolas Roy 30, Gustav Forsling 18) at 13:00
4. Avalanche , Nino Niederreiter 26 (Nicolas Roy 31, Gustav Nyquist 21) at 17:41
5. Maple Leafs , Alex Iafallo 9 (Kaapo Kakko 8, Mattias Janmark 12) at 19:07
Hampus Lindholm (TOR) for Roughing (Minor) at 8:51
3rd period
No Goal
No Penalty
Goalie Stats
Thatcher Demko (COL), 26 saves from 28 shots - (0,929), W, 13-8-2, 60:00 minutes
Pyotr Kochetkov (TOR), 33 saves from 36 shots - (0,917), L, 18-15-5, 59:05 minutes
3 StarsOfficial
1 - Gustav Nyquist (COL)
2 - Nino Niederreiter (COL)
3 - Nicolas Roy (COL)
Referees : Brett Roeland and Dean Morton
Linesman : Kory Nagy and Kyle Larson
Game Note
No Game Note
Finance
Level 1 -- Attendance: 4301 (71,68%) -- Ticket Income $473,110
Level 2 -- Attendance: 4361 (87,22%) -- Ticket Income $283,465
Level 3 -- Attendance: 1488 (74,40%) -- Ticket Income $66,960
Level 4 -- Attendance: 3545 (88,63%) -- Ticket Income $77,990
Luxury Box -- Attendance: 672 (67,20%) -- Ticket Income $151,200
Game was played at the Air Canada Center.
Total Attendance: 14367 (79,82%)
Total Ticket Income: $1,052,725
Other Income: $515,835
Total Income: $1,568,560



Team Name Goals Shots Shots Attemp Shots Blocked PIM HIT PP PK FO%
Avalanche 33664110180 / 1 (0%)062%
Maple Leafs 22864132180 / 0 (0,00%038%

Avalanche
Player Name POS G A P +/- PIM HIT SHT SB MP PP MP PP SHT PK MP PK SHT FO% FOT GA TA
Adam HenriqueC/LW/RW000-1013016:230:5900:00056% 1601
Andrew CoppC/LW000-1003012:540:1800:00050% 810
Brayden PointC/LW/RW0000003115:420:4200:00067% 1200
Eric StaalC/LW000-1010011:270:0000:0000% 000
Gustav ForslingD011-1010224:071:1100:0000% 021
Gustav NyquistLW/RW2133004015:010:0000:0000% 030
Ilya MikheyevLW/RW0000021015:420:4200:000100% 120
Ivan BarbashevC/LW000-1008015:500:0000:00050% 200
Jake SandersonD0002011123:030:4800:0000% 001
Josh AndersonLW/RW000-1021016:230:5900:000100% 200
Mathieu JosephC/LW/RW000-1002112:360:0000:0000% 023
Matt RoyD000-1021317:240:0000:0000% 010
Nicolas RoyC/RW0333011115:350:3400:00064% 1400
Nino NiederreiterLW/RW1123033015:351:0000:0000% 011
Ryan McDonaghD0000011118:210:0000:0000% 000
Samuel GirardD0002012119:051:1100:0000% 000
Sean DurziD0000010018:000:4800:0000% 000
Zach PariseLW/RW0000012016:520:4300:0000% 000
Maple Leafs
Player Name POS G A P +/- PIM HIT SHT SB MP PP MP PP SHT PK MP PK SHT FO% FOT GA TA
Alex IafalloC/LW1011024015:260:0000:5800% 312
Alexander RomanovD0000031019:300:0000:4800% 002
Andrei SvechnikovLW/RW000-1042121:130:0000:58050% 202
Ben HuttonD000000013:480:0000:0000% 000
Braden SchneiderD000-2010016:530:0000:0000% 000
Cam FowlerD0000001119:300:0000:4800% 001
Connor BedardC000-1002019:390:0000:36032% 2211
Erik GustafssonD000-2010118:040:0001:1100% 000
Hampus LindholmD0001201018:380:0000:0000% 001
Jesper BrattLW/RW000-2002018:250:0000:4100% 000
Jonas RondbjergLW/RW000-2021218:020:0000:2000% 100
Kaapo KakkoRW0111001013:590:0000:0000% 000
Linus KarlssonC000100106:060:0000:00050% 200
Mattias JanmarkC/LW/RW0222012020:010:0000:25050% 1210
Michael McCarronC/RW101101106:060:0000:0000% 000
Mikhail SergachevD0111023423:370:0001:1100% 001
Nikolaj EhlersRW000-1011219:590:0000:00050% 230
Ryan JohansenC/RW000-2005119:040:0000:00045% 1112
Timothy LiljegrenD000000000:000:0000:0000% 000
Travis DermottD000000000:000:0000:0000% 000

Avalanche

5 vs 5 Forward
Line #Left WingCenterRight WingPHYDFOFWanted %Time %Time Play
1Ivan BarbashevAdam HenriqueJosh Anderson0233027%15:24
2Ilya MikheyevBrayden PointZach Parise0233026%15:00
3Gustav NyquistNicolas RoyNino Niederreiter0233026%15:01
4Eric StaalAndrew CoppMathieu Joseph0321020%11:27
5 vs 5 Defense
Line #DefenseDefensePHYDFOFWanted %Time %Time Play
1Ryan McDonaghSean Durzi0413031%17:30
2Matt RoyGustav Forsling0323031%17:24
3Jake SandersonSamuel Girard0323031%17:36
4Jake SandersonGustav Forsling032108%4:22
Power Play Forward
Line #Left WingCenterRight WingPHYDFOFWanted %Time %Time Play
1Ilya MikheyevBrayden PointNino Niederreiter0145250%1:00
2Zach PariseAdam HenriqueJosh Anderson0144850%0:59
Power Play Defense
Line #DefenseDefensePHYDFOFWanted %Time %Time Play
1Gustav ForslingSamuel Girard0235260%1:11
2Sean DurziJake Sanderson0234840%0:48
Penalty Kill 4 Players Forward
Line #CenterWingPHYDFOFWanted %Time %Time Play
1Andrew CoppMathieu Joseph041550%0:00
2Nicolas RoyEric Staal041450%0:00
Penalty Kill 4 Players Defense
Line #DefenseDefensePHYDFOFWanted %Time %Time Play
1Ryan McDonaghGustav Forsling041550%0:00
2Jake SandersonSamuel Girard041450%0:00
Penalty Kill 3 Players
Line #WingPHYDFOFWanted %Time %Time PlayDefenseDefensePHYDFOFWanted %Time %Time Play
1Nicolas Roy050550%0:00 Ryan McDonaghGustav Forsling050550%0:00
2Andrew Copp050450%0:00 Jake SandersonSamuel Girard050450%0:00
4 vs 4 Forward
Line #CenterWingPHYDFOFWanted %Time %Time Play
1Brayden PointIlya Mikheyev023600%0:00
2Adam HenriqueJosh Anderson023400%0:00
4 vs 4 Defense
Line #DefensePHYDFOFWanted %Time %Time Play
1Ryan McDonaghGustav Forsling032600%0:00
2Jake SandersonSamuel Girard131400%0:00
Last Minutes Offensive
Left WingCenterRight WingDefenseDefense
Brayden PointAdam HenriqueIlya MikheyevRyan McDonaghGustav Forsling
Last Minutes Defensive
Left WingCenterRight WingDefenseDefense
Mathieu JosephAndrew CoppZach PariseRyan McDonaghGustav Forsling
Time
Total ForwardTotal DefenseLast Minutes OffensiveLast Minutes Defensive
60:00 60:00 0:001:09
Extra Forwards
Normal PowerPlayPenalty Kill
Nicolas Roy, Andrew Copp, Ivan BarbashevNicolas Roy, Andrew CoppNicolas Roy
Extra Defensemen
Normal PowerPlayPenalty Kill
Samuel Girard, Sean Durzi, Matt RoySamuel Girard, Samuel GirardSean Durzi
Penalty Shots
Gustav Nyquist, Matt Roy, Mathieu Joseph, Zach Parise, Brayden Point
Goalie
Thatcher Demko, Vitek Vanecek
Custom OT Lines Forwards
Brayden Point, Zach Parise, Josh Anderson, Nino Niederreiter, Nicolas Roy, Andrew Copp, Ivan Barbashev, Gustav Nyquist, Ilya Mikheyev, Mathieu Joseph
Custom OT Lines Defensemen
Ryan McDonagh, Gustav Forsling, Jake Sanderson, Samuel Girard, Sean Durzi
Scratches
Mason Appleton (Healthy), Juuso Parssinen (Healthy)

Maple Leafs

5 vs 5 Forward
Line #Left WingCenterRight WingPHYDFOFWanted %Time %Time Play
1Andrei SvechnikovConnor BedardNikolaj Ehlers0413433%18:51
2Jesper BrattRyan JohansenJonas Rondbjerg0413132%17:56
3Alex IafalloMattias JanmarkKaapo Kakko0502525%13:59
4Mattias JanmarkLinus KarlssonMichael McCarron0501011%6:06
5 vs 5 Defense
Line #DefenseDefensePHYDFOFWanted %Time %Time Play
1Mikhail SergachevHampus Lindholm0413633%18:38
2Cam FowlerAlexander Romanov0143633%18:42
3Erik GustafssonBraden Schneider0412830%16:53
4Ben HuttonMikhail Sergachev04105%2:39
Power Play Forward
Line #Left WingCenterRight WingPHYDFOFWanted %Time %Time Play
1Nikolaj EhlersAndrei SvechnikovRyan Johansen014500%0:00
2Jesper BrattConnor BedardAlex Iafallo014500%0:00
Power Play Defense
Line #DefenseDefensePHYDFOFWanted %Time %Time Play
1Mikhail SergachevHampus Lindholm014600%0:00
2Cam FowlerAlexander Romanov014400%0:00
Penalty Kill 4 Players Forward
Line #CenterWingPHYDFOFWanted %Time %Time Play
1Alex IafalloAndrei Svechnikov05060100%1:59
2Connor BedardJesper Bratt050400%0:00
Penalty Kill 4 Players Defense
Line #DefenseDefensePHYDFOFWanted %Time %Time Play
1Mikhail SergachevHampus Lindholm0506060%1:11
2Cam FowlerAlexander Romanov0504040%0:48
Penalty Kill 3 Players
Line #WingPHYDFOFWanted %Time %Time PlayDefenseDefensePHYDFOFWanted %Time %Time Play
1Jesper Bratt050600%0:00 Mikhail SergachevHampus Lindholm050600%0:00
2Connor Bedard050400%0:00 Cam FowlerAlexander Romanov050400%0:00
4 vs 4 Forward
Line #CenterWingPHYDFOFWanted %Time %Time Play
1Mattias JanmarkNikolaj Ehlers050600%0:00
2Connor BedardJesper Bratt050400%0:00
4 vs 4 Defense
Line #DefensePHYDFOFWanted %Time %Time Play
1Mikhail SergachevHampus Lindholm050600%0:00
2Cam FowlerAlexander Romanov050400%0:00
Last Minutes Offensive
Left WingCenterRight WingDefenseDefense
Nikolaj EhlersAndrei SvechnikovRyan JohansenMikhail SergachevHampus Lindholm
Last Minutes Defensive
Left WingCenterRight WingDefenseDefense
Nikolaj EhlersAndrei SvechnikovRyan JohansenMikhail SergachevHampus Lindholm
Time
Total ForwardTotal DefenseLast Minutes OffensiveLast Minutes Defensive
60:00 60:00 1:090:00
Extra Forwards
Normal PowerPlayPenalty Kill
Connor Bedard, Alex Iafallo, Mattias JanmarkConnor Bedard, Alex IafalloConnor Bedard
Extra Defensemen
Normal PowerPlayPenalty Kill
Erik Gustafsson, Braden Schneider, Ben HuttonErik Gustafsson, Erik GustafssonBraden Schneider
Penalty Shots
Ryan Johansen, Jesper Bratt, Mattias Janmark, Andrei Svechnikov, Connor Bedard
Goalie
Pyotr Kochetkov, Jordan Binnington
Custom OT Lines Forwards
Ryan Johansen, Jesper Bratt, Andrei Svechnikov, Nikolaj Ehlers, Connor Bedard, Alex Iafallo, Mattias Janmark, Kaapo Kakko, Michael McCarron, Jonas Rondbjerg
Custom OT Lines Defensemen
Mikhail Sergachev, Hampus Lindholm, Cam Fowler, Alexander Romanov, Erik Gustafsson
Scratches
None


Play-by-Play

1st period


0:01 of 1st period - Adam Henrique wins face-off versus Andrei Svechnikov in neutral zone.
0:12 of 1st period - Wrist shot by Ivan Barbashev.
0:12 of 1st period - Stopped by Pyotr Kochetkov with a rebound.
0:18 of 1st period - Hampus Lindholm is hit by Ryan McDonagh and loses puck.
0:33 of 1st period - Jonas Rondbjerg is hit by Matt Roy and loses puck.
1:36 of 1st period - Wrist shot by Adam Henrique.
1:36 of 1st period - Shot Blocked by Cam Fowler.
1:50 of 1st period - Wrist shot by Brayden Point.
1:50 of 1st period - Stopped by Pyotr Kochetkov without a rebound.
1:51 of 1st period - Nicolas Roy wins face-off versus Ryan Johansen in Maple Leafs zone.
1:52 of 1st period - Snap shot by Gustav Nyquist.
1:52 of 1st period - Stopped by Pyotr Kochetkov without a rebound.
1:53 of 1st period - Nicolas Roy wins face-off versus Mattias Janmark in Maple Leafs zone.
1:54 of 1st period - Backhand shot by Nino Niederreiter.
1:54 of 1st period - Shot Misses the Net.
1:56 of 1st period - Slapshot by Samuel Girard.
1:56 of 1st period - Shot Misses the Net.
1:58 of 1st period - Snap shot by Gustav Nyquist.
1:58 of 1st period - Deflect By Nino Niederreiter.
1:58 of 1st period - Shot Blocked by Erik Gustafsson.
1:58 of 1st period - Puck is out of play.
1:59 of 1st period - Nicolas Roy wins face-off versus Mattias Janmark in Maple Leafs zone.
2:20 of 1st period - Nicolas Roy is hit by Braden Schneider.
3:01 of 1st period - Wrist shot by Alex Iafallo.
3:01 of 1st period - Stopped by Thatcher Demko without a rebound.
3:02 of 1st period - Brayden Point wins face-off versus Jonas Rondbjerg in Avalanche zone.
3:27 of 1st period - Matt Roy is hit by Andrei Svechnikov and loses puck.
4:28 of 1st period - Snap shot by Andrew Copp.
4:28 of 1st period - Shot Hit the Post.
4:57 of 1st period - Off-side.
4:58 of 1st period - Nicolas Roy wins face-off versus Ryan Johansen in neutral zone.
5:11 of 1st period - Snap shot by Nino Niederreiter.
5:11 of 1st period - Shot Misses the Net.
5:13 of 1st period - Snap shot by Gustav Nyquist.
5:13 of 1st period - Goal by Gustav Nyquist - Avalanche : 1 - Maple Leafs : 0.
5:14 of 1st period - Brayden Point wins face-off versus Connor Bedard in neutral zone.
5:40 of 1st period - Ivan Barbashev is hit by Jonas Rondbjerg and loses puck.
6:24 of 1st period - Icing by Eric Staal.
6:25 of 1st period - Andrew Copp wins face-off versus Ryan Johansen in Avalanche zone.
6:34 of 1st period - Snap shot by Ryan Johansen.
6:34 of 1st period - Stopped by Thatcher Demko with a rebound.
6:36 of 1st period - Slapshot by Cam Fowler.
6:36 of 1st period - Shot Misses the Net.
6:38 of 1st period - Slapshot by Jonas Rondbjerg.
6:38 of 1st period - Shot Misses the Net.
6:43 of 1st period - Icing by Andrew Copp.
6:44 of 1st period - Nikolaj Ehlers wins face-off versus Andrew Copp in Avalanche zone.
8:08 of 1st period - Snap shot by Connor Bedard.
8:08 of 1st period - Deflect By Nikolaj Ehlers.
8:08 of 1st period - Stopped by Thatcher Demko with a rebound.
8:28 of 1st period - Snap shot by Ryan Johansen.
8:28 of 1st period - Stopped by Thatcher Demko with a rebound.
10:58 of 1st period - Ryan Johansen is hit by Nicolas Roy and loses puck.
11:28 of 1st period - Wrist shot by Nikolaj Ehlers.
11:28 of 1st period - Shot Misses the Net.
11:50 of 1st period - Gustav Forsling is hit by Alex Iafallo and loses puck.
12:03 of 1st period - Wrist shot by Andrei Svechnikov.
12:03 of 1st period - Stopped by Thatcher Demko without a rebound.
12:04 of 1st period - Brayden Point wins face-off versus Connor Bedard in Avalanche zone.
12:11 of 1st period - Snap shot by Brayden Point.
12:11 of 1st period - Stopped by Pyotr Kochetkov with a rebound.
12:13 of 1st period - Snap shot by Zach Parise.
12:13 of 1st period - Stopped by Pyotr Kochetkov with a rebound.
12:15 of 1st period - Snap shot by Gustav Forsling.
12:15 of 1st period - Deflect By Brayden Point.
12:15 of 1st period - Stopped by Pyotr Kochetkov with a rebound.
12:17 of 1st period - Snap shot by Ilya Mikheyev.
12:17 of 1st period - Shot Misses the Net.
12:19 of 1st period - Wrist shot by Gustav Forsling.
12:19 of 1st period - Shot Blocked by Nikolaj Ehlers.
12:36 of 1st period - Snap shot by Jesper Bratt.
12:36 of 1st period - Shot Blocked by Nicolas Roy.
13:40 of 1st period - Andrew Copp is hit by Alexander Romanov.
13:44 of 1st period - Eric Staal is hit by Jonas Rondbjerg and loses puck.
14:38 of 1st period - Snap shot by Andrew Copp.
14:38 of 1st period - Stopped by Pyotr Kochetkov without a rebound.
14:39 of 1st period - Connor Bedard wins face-off versus Ivan Barbashev in Maple Leafs zone.
15:05 of 1st period - Mattias Janmark is hit by Ilya Mikheyev and loses puck.
15:13 of 1st period - Off-side.
15:14 of 1st period - Connor Bedard wins face-off versus Nicolas Roy in neutral zone.
15:44 of 1st period - Wrist shot by Alex Iafallo.
15:44 of 1st period - Shot Misses the Net.
15:46 of 1st period - Snap shot by Alex Iafallo.
15:46 of 1st period - Shot Misses the Net.
15:48 of 1st period - Slapshot by Braden Schneider.
15:48 of 1st period - Shot Blocked by Matt Roy.
15:50 of 1st period - Wrist shot by Alex Iafallo.
15:50 of 1st period - Stopped by Thatcher Demko with a rebound.
15:52 of 1st period - Slapshot by Kaapo Kakko.
15:52 of 1st period - Deflect By Mattias Janmark.
15:52 of 1st period - Stopped by Thatcher Demko with a rebound.
15:54 of 1st period - Wrist shot by Kaapo Kakko.
15:54 of 1st period - Shot Misses the Net.
16:04 of 1st period - Slapshot by Mikhail Sergachev.
16:04 of 1st period - Stopped by Thatcher Demko with a rebound.
16:06 of 1st period - Wrist shot by Michael McCarron.
16:06 of 1st period - Goal by Michael McCarron - Avalanche : 1 - Maple Leafs : 1.
16:07 of 1st period - Adam Henrique wins face-off versus Connor Bedard in neutral zone.
16:20 of 1st period - Snap shot by Josh Anderson.
16:20 of 1st period - Deflect By Connor Bedard.
16:20 of 1st period - Shot Misses the Net.
16:20 of 1st period - Puck is out of play.
16:21 of 1st period - Mattias Janmark wins face-off versus Brayden Point in Maple Leafs zone.
16:21 of 1st period - Mattias Janmark is hit by Samuel Girard.
16:33 of 1st period - Snap shot by Kaapo Kakko.
16:33 of 1st period - Stopped by Thatcher Demko with a rebound.
16:35 of 1st period - Slapshot by Mikhail Sergachev.
16:35 of 1st period - Stopped by Thatcher Demko without a rebound.
16:36 of 1st period - Adam Henrique wins face-off versus Connor Bedard in Avalanche zone.
16:43 of 1st period - Wrist shot by Connor Bedard.
16:43 of 1st period - Deflect By Andrei Svechnikov.
16:43 of 1st period - Shot Misses the Net.
16:43 of 1st period - Puck is out of play.
16:44 of 1st period - Adam Henrique wins face-off versus Connor Bedard in Avalanche zone.
17:06 of 1st period - Jake Sanderson is hit by Andrei Svechnikov and loses puck.
17:13 of 1st period - Wrist shot by Connor Bedard.
17:13 of 1st period - Stopped by Thatcher Demko without a rebound.
17:14 of 1st period - Mattias Janmark wins face-off versus Nicolas Roy in Avalanche zone.
17:15 of 1st period - Wrist shot by Alex Iafallo.
17:15 of 1st period - Shot Misses the Net.
17:25 of 1st period - Wrist shot by Alex Iafallo.
17:25 of 1st period - Shot Hit the Post.
17:53 of 1st period - Snap shot by Nino Niederreiter.
17:53 of 1st period - Shot Blocked by Ryan Johansen.
18:13 of 1st period - Wrist shot by Gustav Nyquist.
18:13 of 1st period - Deflect By Nicolas Roy.
18:13 of 1st period - Shot Blocked by Jonas Rondbjerg.
18:13 of 1st period - Puck is out of play.
18:14 of 1st period - Brayden Point wins face-off versus Connor Bedard in Maple Leafs zone.
18:17 of 1st period - Slapshot by Ilya Mikheyev.
18:17 of 1st period - Shot Misses the Net.
18:27 of 1st period - Ilya Mikheyev is hit by Mikhail Sergachev and loses puck.
18:40 of 1st period - Mikhail Sergachev is hit by Josh Anderson and loses puck.
19:19 of 1st period - Nikolaj Ehlers is hit by Matt Roy and loses puck.
Goals for this period are 1 for Avalanche vs 1 for Maple Leafs.
Shots for this period are 8 for Avalanche vs 12 for Maple Leafs.

2nd period


0:01 of 2nd period - Brayden Point wins face-off versus Connor Bedard in neutral zone.
0:29 of 2nd period - Wrist shot by Mattias Janmark.
0:29 of 2nd period - Stopped by Thatcher Demko with a rebound.
0:49 of 2nd period - Wrist shot by Ivan Barbashev.
0:49 of 2nd period - Stopped by Pyotr Kochetkov without a rebound.
0:50 of 2nd period - Josh Anderson wins face-off versus Ryan Johansen in Maple Leafs zone.
0:51 of 2nd period - Slapshot by Ivan Barbashev.
0:51 of 2nd period - Deflect By Ryan Johansen.
0:51 of 2nd period - Stopped by Pyotr Kochetkov without a rebound.
0:52 of 2nd period - Connor Bedard wins face-off versus Adam Henrique in Maple Leafs zone.
1:03 of 2nd period - Nikolaj Ehlers is hit by Jake Sanderson and loses puck.
1:12 of 2nd period - Snap shot by Ivan Barbashev.
1:12 of 2nd period - Stopped by Pyotr Kochetkov with a rebound.
1:14 of 2nd period - Snap shot by Ivan Barbashev.
1:14 of 2nd period - Shot Blocked by Mikhail Sergachev.
1:16 of 2nd period - Slapshot by Ryan McDonagh.
1:16 of 2nd period - Shot Misses the Net.
1:32 of 2nd period - Slapshot by Ivan Barbashev.
1:32 of 2nd period - Shot Misses the Net.
1:34 of 2nd period - Slapshot by Ryan McDonagh.
1:34 of 2nd period - Shot Blocked by Mikhail Sergachev.
1:36 of 2nd period - Wrist shot by Ivan Barbashev.
1:36 of 2nd period - Shot Misses the Net.
1:38 of 2nd period - Snap shot by Ivan Barbashev.
1:38 of 2nd period - Shot Misses the Net.
1:40 of 2nd period - Snap shot by Ivan Barbashev.
1:40 of 2nd period - Deflect By Adam Henrique.
1:40 of 2nd period - Stopped by Pyotr Kochetkov with a rebound.
1:42 of 2nd period - Wrist shot by Ivan Barbashev.
1:42 of 2nd period - Shot Blocked by Nikolaj Ehlers.
1:44 of 2nd period - Snap shot by Adam Henrique.
1:44 of 2nd period - Stopped by Pyotr Kochetkov with a rebound.
1:46 of 2nd period - Wrist shot by Josh Anderson.
1:46 of 2nd period - Shot Blocked by Mikhail Sergachev.
1:50 of 2nd period - Snap shot by Ivan Barbashev.
1:50 of 2nd period - Stopped by Pyotr Kochetkov with a rebound.
1:52 of 2nd period - Slapshot by Matt Roy.
1:52 of 2nd period - Stopped by Pyotr Kochetkov with a rebound.
1:54 of 2nd period - Slapshot by Ivan Barbashev.
1:54 of 2nd period - Stopped by Pyotr Kochetkov without a rebound.
1:55 of 2nd period - Ilya Mikheyev wins face-off versus Mattias Janmark in Maple Leafs zone.
2:44 of 2nd period - Snap shot by Nino Niederreiter.
2:44 of 2nd period - Stopped by Pyotr Kochetkov without a rebound.
2:45 of 2nd period - Andrew Copp wins face-off versus Linus Karlsson in Maple Leafs zone.
2:51 of 2nd period - Off-side.
2:52 of 2nd period - Brayden Point wins face-off versus Ryan Johansen in neutral zone.
3:16 of 2nd period - Off-side.
3:17 of 2nd period - Mattias Janmark wins face-off versus Nicolas Roy in neutral zone.
3:20 of 2nd period - Nicolas Roy is hit by Alex Iafallo and loses puck.
4:12 of 2nd period - Slapshot by Ivan Barbashev.
4:12 of 2nd period - Shot Misses the Net.
4:46 of 2nd period - Snap shot by Linus Karlsson.
4:46 of 2nd period - Shot Misses the Net.
5:08 of 2nd period - Wrist shot by Ryan Johansen.
5:08 of 2nd period - Shot Misses the Net.
5:20 of 2nd period - Jake Sanderson is hit by Erik Gustafsson and loses puck.
5:40 of 2nd period - Icing by Mikhail Sergachev.
5:41 of 2nd period - Nicolas Roy wins face-off versus Connor Bedard in Maple Leafs zone.
6:06 of 2nd period - Snap shot by Brayden Point.
6:06 of 2nd period - Shot Misses the Net.
6:08 of 2nd period - Snap shot by Zach Parise.
6:08 of 2nd period - Stopped by Pyotr Kochetkov without a rebound.
6:09 of 2nd period - Brayden Point wins face-off versus Ryan Johansen in Maple Leafs zone.
6:47 of 2nd period - Jake Sanderson is hit by Alexander Romanov and loses puck.
7:06 of 2nd period - Snap shot by Ryan Johansen.
7:06 of 2nd period - Shot Misses the Net.
7:16 of 2nd period - Ryan Johansen is hit by Ilya Mikheyev and loses puck.
8:03 of 2nd period - Snap shot by Ryan Johansen.
8:03 of 2nd period - Stopped by Thatcher Demko without a rebound.
8:04 of 2nd period - Nicolas Roy wins face-off versus Mattias Janmark in Avalanche zone.
8:25 of 2nd period - Icing by Mattias Janmark.
8:26 of 2nd period - Josh Anderson wins face-off versus Alex Iafallo in Maple Leafs zone.
8:29 of 2nd period - Wrist shot by Adam Henrique.
8:29 of 2nd period - Stopped by Pyotr Kochetkov without a rebound.
8:30 of 2nd period - Adam Henrique wins face-off versus Connor Bedard in Maple Leafs zone.
8:41 of 2nd period - Wrist shot by Ivan Barbashev.
8:41 of 2nd period - Stopped by Pyotr Kochetkov with a rebound.
8:51 of 2nd period - Minor Penalty to Hampus Lindholm for Roughing.
8:52 of 2nd period - Adam Henrique wins face-off versus Alex Iafallo in Maple Leafs zone.
10:51 of 2nd period - Penalty to Hampus Lindholm is over, Hampus Lindholm is back on ice.
10:57 of 2nd period - Backhand shot by Andrew Copp.
10:57 of 2nd period - Stopped by Pyotr Kochetkov with a rebound.
11:23 of 2nd period - Sean Durzi is hit by Nikolaj Ehlers and loses puck.
11:54 of 2nd period - Icing by Ryan Johansen.
11:55 of 2nd period - Ryan Johansen wins face-off versus Adam Henrique in Maple Leafs zone.
12:04 of 2nd period - Snap shot by Ryan Johansen.
12:04 of 2nd period - Stopped by Thatcher Demko with a rebound.
12:16 of 2nd period - Ilya Mikheyev is hit by Michael McCarron and loses puck.
12:23 of 2nd period - Snap shot by Mattias Janmark.
12:23 of 2nd period - Shot Blocked by Brayden Point.
12:25 of 2nd period - Snap shot by Mattias Janmark.
12:25 of 2nd period - Shot Misses the Net.
12:37 of 2nd period - Ilya Mikheyev is hit by Mikhail Sergachev and loses puck.
13:00 of 2nd period - Snap shot by Gustav Nyquist.
13:00 of 2nd period - Goal by Gustav Nyquist - Avalanche : 2 - Maple Leafs : 1.
13:01 of 2nd period - Mattias Janmark wins face-off versus Adam Henrique in neutral zone.
13:10 of 2nd period - Snap shot by Kaapo Kakko.
13:10 of 2nd period - Shot Misses the Net.
13:32 of 2nd period - Off-side.
13:33 of 2nd period - Nicolas Roy wins face-off versus Connor Bedard in neutral zone.
13:38 of 2nd period - Wrist shot by Nino Niederreiter.
13:38 of 2nd period - Shot Blocked by Mikhail Sergachev.
13:40 of 2nd period - Wrist shot by Nino Niederreiter.
13:40 of 2nd period - Deflect By Gustav Nyquist.
13:40 of 2nd period - Stopped by Pyotr Kochetkov with a rebound.
13:42 of 2nd period - Slapshot by Ryan McDonagh.
13:42 of 2nd period - Stopped by Pyotr Kochetkov with a rebound.
13:44 of 2nd period - Slapshot by Sean Durzi.
13:44 of 2nd period - Deflect By Nicolas Roy.
13:44 of 2nd period - Shot Blocked by Andrei Svechnikov.
13:44 of 2nd period - Puck is out of play.
13:45 of 2nd period - Ivan Barbashev wins face-off versus Mattias Janmark in Maple Leafs zone.
13:46 of 2nd period - Slapshot by Josh Anderson.
13:46 of 2nd period - Stopped by Pyotr Kochetkov without a rebound.
13:47 of 2nd period - Mattias Janmark wins face-off versus Adam Henrique in Maple Leafs zone.
13:54 of 2nd period - Backhand shot by Kaapo Kakko.
13:54 of 2nd period - Shot Misses the Net.
13:58 of 2nd period - Snap shot by Mattias Janmark.
13:58 of 2nd period - Shot Blocked by Matt Roy.
14:00 of 2nd period - Snap shot by Mattias Janmark.
14:00 of 2nd period - Shot Misses the Net.
14:14 of 2nd period - Snap shot by Ryan Johansen.
14:14 of 2nd period - Shot Hit the Post.
14:22 of 2nd period - Snap shot by Jesper Bratt.
14:22 of 2nd period - Shot Blocked by Gustav Forsling.
14:32 of 2nd period - Wrist shot by Ivan Barbashev.
14:32 of 2nd period - Stopped by Pyotr Kochetkov with a rebound.
16:05 of 2nd period - Snap shot by Nicolas Roy.
16:05 of 2nd period - Stopped by Pyotr Kochetkov with a rebound.
17:04 of 2nd period - Icing by Nino Niederreiter.
17:05 of 2nd period - Ryan Johansen wins face-off versus Andrew Copp in Avalanche zone.
17:37 of 2nd period - Slapshot by Nicolas Roy.
17:37 of 2nd period - Shot Misses the Net.
17:39 of 2nd period - Snap shot by Nicolas Roy.
17:39 of 2nd period - Shot Misses the Net.
17:41 of 2nd period - Slapshot by Nino Niederreiter.
17:41 of 2nd period - Goal by Nino Niederreiter - Avalanche : 3 - Maple Leafs : 1.
17:42 of 2nd period - Adam Henrique wins face-off versus Connor Bedard in neutral zone.
17:57 of 2nd period - Snap shot by Connor Bedard.
17:57 of 2nd period - Shot Blocked by Samuel Girard.
18:09 of 2nd period - Nicolas Roy is hit by Mattias Janmark and loses puck.
18:33 of 2nd period - Wrist shot by Mathieu Joseph.
18:33 of 2nd period - Stopped by Pyotr Kochetkov with a rebound.
19:05 of 2nd period - Backhand shot by Alex Iafallo.
19:05 of 2nd period - Shot Blocked by Gustav Forsling.
19:07 of 2nd period - Wrist shot by Alex Iafallo.
19:07 of 2nd period - Goal by Alex Iafallo - Avalanche : 3 - Maple Leafs : 2.
19:08 of 2nd period - Connor Bedard wins face-off versus Adam Henrique in neutral zone.
19:36 of 2nd period - Icing by Nino Niederreiter.
19:37 of 2nd period - Ryan Johansen wins face-off versus Nicolas Roy in Avalanche zone.
19:38 of 2nd period - Wrist shot by Jesper Bratt.
19:38 of 2nd period - Stopped by Thatcher Demko with a rebound.
19:40 of 2nd period - Snap shot by Alexander Romanov.
19:40 of 2nd period - Stopped by Thatcher Demko with a rebound.
19:42 of 2nd period - Snap shot by Jesper Bratt.
19:42 of 2nd period - Deflect By Ryan Johansen.
19:42 of 2nd period - Stopped by Thatcher Demko with a rebound.
19:44 of 2nd period - Wrist shot by Jesper Bratt.
19:44 of 2nd period - Deflect By Nicolas Roy.
19:44 of 2nd period - Stopped by Thatcher Demko with a rebound.
19:46 of 2nd period - Slapshot by Cam Fowler.
19:46 of 2nd period - Shot Misses the Net.
19:48 of 2nd period - Snap shot by Jonas Rondbjerg.
19:48 of 2nd period - Deflect By Gustav Nyquist.
19:48 of 2nd period - Shot Blocked by Ryan McDonagh.
19:48 of 2nd period - Puck is out of play.
19:49 of 2nd period - Adam Henrique wins face-off versus Nikolaj Ehlers in Avalanche zone.
19:49 of 2nd period - Adam Henrique is hit by Andrei Svechnikov.
19:57 of 2nd period - Josh Anderson is hit by Andrei Svechnikov and loses puck.
Goals for this period are 2 for Avalanche vs 1 for Maple Leafs.
Shots for this period are 21 for Avalanche vs 8 for Maple Leafs.

3rd period


0:01 of 3rd period - Nicolas Roy wins face-off versus Connor Bedard in neutral zone.
0:16 of 3rd period - Wrist shot by Connor Bedard.
0:16 of 3rd period - Shot Misses the Net.
0:50 of 3rd period - Slapshot by Hampus Lindholm.
0:50 of 3rd period - Deflect By Gustav Forsling.
0:50 of 3rd period - Stopped by Thatcher Demko with a rebound.
1:06 of 3rd period - Jesper Bratt is hit by Eric Staal and loses puck.
1:19 of 3rd period - Snap shot by Andrew Copp.
1:19 of 3rd period - Shot Blocked by Jonas Rondbjerg.
2:01 of 3rd period - Mattias Janmark is hit by Gustav Forsling and loses puck.
2:12 of 3rd period - Wrist shot by Jesper Bratt.
2:12 of 3rd period - Shot Misses the Net.
2:14 of 3rd period - Wrist shot by Jesper Bratt.
2:14 of 3rd period - Shot Misses the Net.
2:16 of 3rd period - Wrist shot by Jonas Rondbjerg.
2:16 of 3rd period - Stopped by Thatcher Demko with a rebound.
3:28 of 3rd period - Wrist shot by Alex Iafallo.
3:28 of 3rd period - Shot Misses the Net.
4:06 of 3rd period - Mikhail Sergachev is hit by Adam Henrique and loses puck.
4:31 of 3rd period - Off-side.
4:32 of 3rd period - Connor Bedard wins face-off versus Brayden Point in neutral zone.
4:43 of 3rd period - Snap shot by Nikolaj Ehlers.
4:43 of 3rd period - Shot Misses the Net.
4:45 of 3rd period - Snap shot by Andrei Svechnikov.
4:45 of 3rd period - Shot Misses the Net.
5:12 of 3rd period - Erik Gustafsson is hit by Nino Niederreiter and loses puck.
5:34 of 3rd period - Snap shot by Alex Iafallo.
5:34 of 3rd period - Stopped by Thatcher Demko with a rebound.
5:36 of 3rd period - Slapshot by Mikhail Sergachev.
5:36 of 3rd period - Stopped by Thatcher Demko without a rebound.
5:37 of 3rd period - Brayden Point wins face-off versus Connor Bedard in Avalanche zone.
5:52 of 3rd period - Snap shot by Ilya Mikheyev.
5:52 of 3rd period - Stopped by Pyotr Kochetkov without a rebound.
5:53 of 3rd period - Ryan Johansen wins face-off versus Adam Henrique in Maple Leafs zone.
6:08 of 3rd period - Wrist shot by Ryan Johansen.
6:08 of 3rd period - Shot Misses the Net.
6:20 of 3rd period - Cam Fowler is hit by Nino Niederreiter.
7:21 of 3rd period - Gustav Forsling is hit by Alexander Romanov and loses puck.
7:46 of 3rd period - Jesper Bratt is hit by Nino Niederreiter and loses puck.
8:09 of 3rd period - Snap shot by Mattias Janmark.
8:09 of 3rd period - Deflect By Linus Karlsson.
8:09 of 3rd period - Deflect By Zach Parise.
8:09 of 3rd period - Stopped by Thatcher Demko without a rebound.
8:10 of 3rd period - Linus Karlsson wins face-off versus Brayden Point in Avalanche zone.
8:35 of 3rd period - Erik Gustafsson is hit by Sean Durzi and loses puck.
11:29 of 3rd period - Wrist shot by Mathieu Joseph.
11:29 of 3rd period - Stopped by Pyotr Kochetkov with a rebound.
11:31 of 3rd period - Snap shot by Andrew Copp.
11:31 of 3rd period - Stopped by Pyotr Kochetkov without a rebound.
11:32 of 3rd period - Adam Henrique wins face-off versus Connor Bedard in Maple Leafs zone.
11:54 of 3rd period - Icing by Braden Schneider.
11:55 of 3rd period - Mattias Janmark wins face-off versus Brayden Point in Maple Leafs zone.
12:52 of 3rd period - Off-side.
12:53 of 3rd period - Connor Bedard wins face-off versus Andrew Copp in neutral zone.
12:56 of 3rd period - Slapshot by Cam Fowler.
12:56 of 3rd period - Stopped by Thatcher Demko without a rebound.
12:57 of 3rd period - Connor Bedard wins face-off versus Nicolas Roy in Avalanche zone.
13:10 of 3rd period - Slapshot by Jake Sanderson.
13:10 of 3rd period - Stopped by Pyotr Kochetkov with a rebound.
13:12 of 3rd period - Slapshot by Samuel Girard.
13:12 of 3rd period - Stopped by Pyotr Kochetkov with a rebound.
14:00 of 3rd period - Snap shot by Andrei Svechnikov.
14:00 of 3rd period - Stopped by Thatcher Demko without a rebound.
14:01 of 3rd period - Andrew Copp wins face-off versus Connor Bedard in Avalanche zone.
15:18 of 3rd period - Snap shot by Connor Bedard.
15:18 of 3rd period - Stopped by Thatcher Demko with a rebound.
15:20 of 3rd period - Wrist shot by Erik Gustafsson.
15:20 of 3rd period - Shot Blocked by Matt Roy.
15:25 of 3rd period - Icing by Matt Roy.
15:26 of 3rd period - Andrew Copp wins face-off versus Mattias Janmark in Avalanche zone.
15:34 of 3rd period - Off-side.
15:35 of 3rd period - Nicolas Roy wins face-off versus Alex Iafallo in neutral zone.
15:59 of 3rd period - Off-side.
16:00 of 3rd period - Ryan Johansen wins face-off versus Adam Henrique in neutral zone.
16:15 of 3rd period - Snap shot by Jesper Bratt.
16:15 of 3rd period - Shot Blocked by Jake Sanderson.
18:27 of 3rd period - Braden Schneider is hit by Josh Anderson.
18:48 of 3rd period - Snap shot by Nino Niederreiter.
18:48 of 3rd period - Stopped by Pyotr Kochetkov with a rebound.
18:50 of 3rd period - Wrist shot by Samuel Girard.
18:50 of 3rd period - Stopped by Pyotr Kochetkov without a rebound.
18:51 of 3rd period - Bruce Boudreau call a timeout for Maple Leafs.
18:51 of 3rd period - Andrei Svechnikov wins face-off versus Andrew Copp in Maple Leafs zone.
19:05 of 3rd period - Maple Leafs, Pyotr Kochetkov is pulled from the net.
19:07 of 3rd period - Snap shot by Nikolaj Ehlers.
19:07 of 3rd period - Shot Blocked by Mathieu Joseph.
19:51 of 3rd period - Ryan Johansen is hit by Zach Parise and loses puck.
19:58 of 3rd period - Slapshot by Andrew Copp.
19:58 of 3rd period - Shot Blocked by Ben Hutton.
Goals for this period are 0 for Avalanche vs 0 for Maple Leafs.
Shots for this period are 7 for Avalanche vs 8 for Maple Leafs.




Output by the SimonT Hockey Simulator (STHS) for Eric Tremblay - Original Page W3C HTML5 Valid
Hockey Simulator - Hockey Simulation - Hockey Manager